AoeStats
← Mknolix

Arena

510529630Analyzed
4v4 RM · 2d ago on Oct 1, 2026· 56m 17s· 8 players
Game mode
Random Map
Map size
Large (8 player)
Population
200
Speed
Normal
Resources
Standard
Victory
Conquest
Starting age
Dark Age
Ending age
Imperial Age
RankedLock teamsTeams togetherTeam positionsShared explorationLock speedFull tech treeHidden civsTurbo modeCheats
Victory
Defeat
🇨🇳 Mongols · China
1237
+16
🇦🇷 Aztecs · Argentina
1223
+16
🇺🇸 Malians · United States
1177
+18
🇭🇰 Muisca · Hong Kong SAR China
1173
+18
1407
-23
🇹🇼 Malians · Taiwan
1322
-21
🇨🇳 Khmer · China
1169
-15
🇹🇼 Turks · Taiwan
1025
-9
Mknolix
11:11 Feudal Age
12:21 Loom
15:00 Castle Age
13:21 Double-Bit Axe
13:40 Horse Collar
15:20 Wheelbarrow
21:22 Squires
22:34 Eagle Warrior
23:46 Bow Saw
24:08 Forging
24:22 Man-at-Arms
24:48 Gambesons
25:05 Scale Mail Armor
27:02 Long Swordsman
28:00 Fletching
29:16 Chain Mail Armor
29:10 Arson
30:07 Heavy Plow
31:14 Gold Mining
31:15 Stone Mining
32:04 Iron Casting
34:02 Imperial Age
32:06 Treadmill Crane
32:15 Pikeman
33:36 Hand Cart
33:34 Bodkin Arrow
35:08 Garland Wars
35:09 Conscription
34:30 Elite Eagle Warrior
35:57 Plate Mail Armor
36:27 Blast Furnace
35:49 Elite Jaguar Warrior
36:04 Two-Handed Swordsman
38:40 Crop Rotation
40:14 Capped Ram
40:18 Champion
42:36 Siege Ram
50:41 Stone Shaft Mining
57:05 Gold Shaft Mining
Alarich1000
10:56 Feudal Age
12:29 Horse Collar
14:56 Castle Age
13:18 Double-Bit Axe
13:45 Loom
17:05 Bow Saw
18:13 Heavy Plow
21:15 Wheelbarrow
27:58 Hand Cart
31:16 Imperial Age
29:21 Husbandry
29:36 Bloodlines
29:55 Forging
29:50 Scale Barding Armor
30:31 Scale Barding Armor
34:27 Imperial Age
31:48 Town Watch
32:34 Gold Mining
32:34 Stone Mining
35:27 Iron Casting
34:57 Scale Barding Armor
34:36 Cavalier
35:39 Conscription
34:59 Heavy Camel Rider
36:30 Farimba
37:39 Town Patrol
38:39 Chain Barding Armor
38:17 Man-at-Arms
38:17 Pikeman
38:58 Squires
38:43 Arson
39:20 Fortified Wall
40:12 Chemistry
39:33 Ballistics
46:07 Light Cavalry
49:46 Plate Barding Armor
53:59 Crop Rotation
fafagege
10:29 Feudal Age
11:50 Double-Bit Axe
14:07 Castle Age
15:35 Bow Saw
16:03 Wheelbarrow
16:33 Horse Collar
21:27 Hand Cart
21:41 Gold Mining
22:43 Town Watch
23:35 Loom
23:47 Stone Mining
26:33 Gold Shaft Mining
26:36 Stone Shaft Mining
30:03 Imperial Age
27:35 Fletching
28:20 Husbandry
28:18 Bodkin Arrow
28:46 Ballistics
28:32 Thumb Ring
29:31 Padded Archer Armor
29:43 Bloodlines
30:56 Leather Archer Armor
30:52 Bracer
31:54 Chemistry
31:21 Parthian Tactics
31:55 Onager
34:15 Conscription
34:12 Scale Barding Armor
36:42 Chain Barding Armor
36:02 Elite Mangudai
36:59 Elite Mangudai
37:54 Light Cavalry
38:47 Forging
38:07 Capped Ram
38:09 Siege Onager
39:14 Drill
40:22 Iron Casting
39:11 Hussar
42:25 Siege Engineers
43:54 Blast Furnace
50:32 Hoardings
49:55 Murder Holes
52:40 Capped Ram
Humetsang
10:27 Feudal Age
15:01 Castle Age
16:17 Double-Bit Axe
22:11 Imperial Age
20:46 Gold Mining
23:12 Wheelbarrow
22:51 Redemption
23:48 Block Printing
23:59 Illumination
30:59 Theocracy
31:05 Elite Guecha Warrior
33:14 Fletching
33:25 Padded Archer Armor
33:34 Loom
37:08 Bodkin Arrow
37:28 Leather Archer Armor
38:28 Ballistics
38:22 Scale Mail Armor
38:34 Forging
38:19 Elite Temple Guard
42:12 Chemistry
41:14 Bracer
41:30 Leather Archer Armor
41:31 Chain Mail Armor
41:51 Iron Casting
41:11 Horse Collar
42:31 Conscription
48:17 Plate Mail Armor
Myth
10:45 Feudal Age
13:41 Castle Age
11:37 Double-Bit Axe
12:00 Horse Collar
14:22 Wheelbarrow
16:47 Bow Saw
16:39 Heavy Plow
17:17 Loom
18:15 Gold Mining
21:31 Fletching
23:46 Stone Mining
24:51 Hand Cart
25:16 Town Watch
28:42 Gold Shaft Mining
32:07 Imperial Age
30:01 Scale Barding Armor
30:07 Forging
31:05 Chain Barding Armor
32:34 Iron Casting
32:13 Tusk Swords
33:25 Conscription
33:03 Bodkin Arrow
32:51 Elite Ballista Elephant
33:27 Light Cavalry
34:19 Bloodlines
34:10 Husbandry
34:40 Bracer
35:42 Chemistry
36:01 Plate Barding Armor
35:51 Double Crossbow
37:22 Blast Furnace
38:25 Ballistics
38:54 Siege Engineers
39:54 Hussar
41:17 Crop Rotation
45:30 Coinage
45:25 Town Patrol
47:08 Banking
46:57 Elite Battle Elephant
49:30 Cavalier
救不了你
12:19 Feudal Age
13:19 Double-Bit Axe
16:11 Castle Age
14:42 Horse Collar
15:46 Loom
22:06 Imperial Age
20:52 Fortified Wall
21:46 Bow Saw
21:57 Heavy Plow
24:53 Two-Man Saw
25:27 Wheelbarrow
28:02 Hand Cart
33:12 Forging
33:07 Scale Barding Armor
33:03 Scale Mail Armor
34:50 Ballistics
36:43 Heated Shot
37:48 Caravan
38:03 Fletching
38:34 Elite Janissary
44:21 Husbandry
47:27 Bloodlines
49:06 Iron Casting
48:46 Chain Mail Armor
53:33 Blast Furnace
53:03 Plate Mail Armor
52:53 Chain Barding Armor
53:04 Plate Mail Armor
查理曼大帝
6:21 Loom
9:57 Feudal Age
14:20 Castle Age
12:37 Double-Bit Axe
13:22 Horse Collar
20:10 Man-at-Arms
21:22 Scale Mail Armor
21:17 Long Swordsman
23:13 Bow Saw
23:40 Squires
24:37 Arson
25:29 Chain Mail Armor
31:09 Forging
40:32 Heavy Plow
46:05 Imperial Age
46:15 Imperial Age
44:21 Wheelbarrow
45:13 Iron Casting
45:36 Hand Cart
46:26 Two-Handed Swordsman
47:51 Gold Mining
47:54 Stone Mining
47:29 Champion
49:17 Gold Shaft Mining
50:26 Conscription
51:20 Stone Shaft Mining
51:19 Crop Rotation
50:37 Town Watch
51:18 Caravan
53:51 Plate Mail Armor
迪恩-伊薩卡-凡爾賽提斯
9:36 Feudal Age
13:14 Castle Age
11:35 Horse Collar
12:11 Double-Bit Axe
19:11 Bow Saw
21:02 Wheelbarrow
21:24 Gold Mining
21:46 Stone Mining
22:39 Heavy Plow
26:25 Gold Shaft Mining
28:25 Imperial Age
25:42 Loom
26:22 Scale Barding Armor
27:05 Hand Cart
27:32 Bloodlines
28:01 Chain Barding Armor
27:52 Forging
28:36 Husbandry
28:12 Cavalier
29:28 Plate Barding Armor
29:56 Two-Man Saw
29:35 Devotion
30:38 Crop Rotation
30:46 Conscription
33:03 Iron Casting
33:05 Faith
33:26 Savar
34:22 Guilds
37:40 Coinage
38:38 Blast Furnace
39:58 Banking
39:30 Capped Ram
40:29 Caravan
40:47 Siege Ram
46:01 Stone Shaft Mining
46:00 Town Watch
47:46 Pikeman
48:26 Squires
48:11 Arson
48:12 Gambesons
48:29 Scale Mail Armor
48:20 Fletching
49:32 Chemistry
48:43 Masonry
49:12 Hoardings
Connection lost

Rejoining the realm…

Still unreachable

The connection could not be restored.

Session expired

The server has moved on; the page needs a fresh start.